Map: Cyber Forest LE

Players

Madcoat - Winner!

  • Race: Protoss Protoss
  • League: Gold
  • Spawn Location: 5:00

MentalMachne

  • Race: Protoss Protoss
  • League: Gold
  • Spawn Location: 11:00

VOD

Have the link to the VOD?

Description

Time

  • Played on: Feb. 21, 2019, 7:13 p.m.
  • Length: 16:00
Show
View Real Time Build Order
Export as new Build Order

Madcoat Protoss - Winner!

Build Orders:  

Get SALT Encoding   

  12  0:01  Probe  
  13  0:13  Probe  
  14  0:20  Pylon  
  14  0:25  Probe  
  15  0:34  Probe  
  16  0:42  Probe  
  16  0:43  Gateway  
  17  0:52  Probe  
  17  0:53  Assimilator  
  18  1:04  Probe  
  18  1:09  Gateway  
  19  1:14  Assimilator  
  19  1:19  Probe  
  20  1:31  Probe  
  20  1:32  Pylon  
  21  1:40  Probe, Cybernetics Core  
  22  1:48  Probe  
  23  1:58  Probe  
  24  2:10  Probe  
  25  2:22  Probe  
  26  2:26  Warp Gate  
  26  2:28  Adept x2  
  30  2:34  Probe  
  31  2:39  Nexus  
  31  2:49  Pylon  
  31  2:54  Assimilator  
  31  2:57  Assimilator  
  31  3:07  Probe  
  32  3:26  Robotics Facility  
  32  3:27  Twilight Council  
  32  3:30  Pylon  
  32  3:35  Pylon  
  27  4:00  Gateway, Probe x2  
  27  4:01  Gateway  
  27  4:03  Gateway  
  27  4:08  Probe x2  
  29  4:16  Warp Prism  
  31  4:18  Probe  
  34  4:26  Forge  
  34  4:30  Probe x2  
  34  4:38  Probe x2  
  38  4:47  Probe  
  38  4:48  Probe  
  38  4:52  Pylon  
  40  4:56  Pylon  
  40  4:59  Probe  
  41  5:00  Probe  
  41  5:04  Sentry x2  
  41  5:05  Stalker  
  48  5:09  Observer  
  48  5:11  Protoss Ground Weapons Level 1  
  48  5:14  Probe  
  50  5:19  Probe  
  51  5:24  Shield Battery  
  51  5:26  Photon Cannon, Probe  
  52  5:31  Probe  
  52  5:32  Shield Battery  
  53  5:38  Probe  
  54  5:43  Photon Cannon  
  54  5:54  Stalker x3  
  54  5:55  Stalker  
  62  6:01  Probe x2  
  52  6:04  Charge  
  64  6:09  Stalker  
  64  6:21  Immortal  
  68  6:35  Stalker  
  68  6:36  Stalker  
  71  6:52  Templar Archives  
  71  6:56  Stargate  
  71  7:01  Pylon  
  71  7:03  Pylon, Observer  
  72  7:09  Nexus  
  72  7:11  Protoss Ground Weapons Level 2  
  72  7:12  Assimilator  
  72  7:15  Assimilator  
  72  7:17  Pylon  
  72  7:20  Pylon, Probe x2  
  74  7:32  Gateway  
  74  7:39  Probe x2, Shield Battery  
  74  7:40  Photon Cannon  
  76  7:47  Probe x2, Oracle  
  81  7:56  Probe x2  
  81  8:04  Gateway x2  
  83  8:08  Probe x2  
  83  8:10  Immortal  
  85  8:15  Forge  
  89  8:48  Zealot x2  
  93  8:58  Zealot x5  
  93  8:59  Zealot  
  105  9:04  Observer  
  101  9:14  Zealot x2  
  89  9:37  Protoss Ground Armor Level 1  
  89  9:43  Probe x2  
  89  9:44  Protoss Ground Weapons Level 3  
  91  9:52  Gateway x2  
  91  10:00  High Templar x2  
  91  10:01  High Templar x2  
  91  10:04  Zealot x2  
  91  10:05  Archon x2  
  103  10:29  Zealot x3  
  103  10:30  Zealot  
  111  10:49  Nexus  
  105  10:50  High Templar x3  
  105  10:51  Assimilator, High Templar x4  
  105  10:52  Assimilator  
  105  10:55  Pylon  
  109  10:57  Archon x3  
  109  10:58  Pylon  
  101  11:20  Zealot  
  93  11:29  Zealot x5  
  93  11:30  Zealot x2  
  87  11:55  Fleet Beacon  
  87  11:57  Stargate  
  87  12:01  Stargate  
  87  12:04  Shield Battery  
  87  12:05  Photon Cannon  
  87  12:09  High Templar x3  
  87  12:10  High Templar x7  
  107  12:24  Archon  
  107  12:25  Archon x4  
  97  12:46  Zealot x4  
  97  12:47  Zealot x6  
  113  12:52  Protoss Shields Level 1, Protoss Ground Armor Level 2  
  107  13:22  Zealot  
  107  13:23  Zealot x9  
  109  13:37  Immortal  
  109  13:38  Tempest x3  
  108  13:49  Zealot x5  
  108  13:50  Zealot x5  
  128  14:05  Nexus  
  116  14:11  Zealot x7  
  116  14:12  Zealot x3  
  134  14:17  Pylon  
  134  14:20  Pylon  
  134  14:23  Assimilator  
  128  14:27  Assimilator  
  122  14:32  Zealot x5  
  122  14:33  Zealot  
  118  15:01  Zealot x2  
  118  15:02  Zealot x7  
  128  15:10  Stalker  
  126  15:42  Stalker x2  
  126  15:43  Stalker x3  
  126  15:51  Zealot  
  126  15:52  Zealot  
Show
View Real Time Build Order
Export as new Build Order

MentalMachne Protoss 

Build Orders: Chargelot Immortal 

Get SALT Encoding   

  12  0:02  Probe  
  13  0:16  Pylon  
  13  0:20  Probe  
  14  0:30  Probe  
  15  0:38  Probe  
  16  0:46  Probe  
  16  0:56  Probe  
  18  1:04  Probe  
  19  1:12  Probe  
  20  1:19  Nexus  
  20  1:25  Forge  
  20  1:41  Gateway  
  20  1:52  Probe  
  21  2:02  Assimilator  
  21  2:04  Probe  
  21  2:05  Assimilator  
  22  2:40  Probe x2  
  24  2:47  Pylon  
  24  2:48  Probe x2  
  24  2:56  Probe x2, Pylon  
  24  2:57  Zealot  
  28  3:00  Pylon  
  28  3:04  Photon Cannon  
  30  3:08  Cybernetics Core  
  30  3:14  Photon Cannon  
  30  3:15  Probe  
  31  3:24  Pylon  
  31  3:33  Gateway  
  31  3:34  Gateway  
  31  3:55  Probe  
  31  4:02  Assimilator  
  31  4:04  Assimilator  
  31  4:09  Stargate  
  31  4:11  Probe  
  31  4:13  Protoss Ground Armor Level 1  
  32  4:23  Warp Gate  
  32  4:27  Probe x2  
  34  4:38  Probe x2  
  36  4:46  Probe  
  36  4:47  Probe, Robotics Facility  
  36  4:50  Oracle  
  38  4:54  Pylon  
  38  4:55  Probe  
  38  4:56  Pylon  
  38  4:57  Zealot  
  44  5:12  Photon Cannon  
  44  5:15  Probe  
  44  5:16  Probe  
  44  5:18  Oracle  
  46  5:26  Photon Cannon  
  49  5:36  Shield Battery  
  49  5:51  Observer  
  50  6:00  Oracle  
  50  6:21  Probe x2  
  49  6:37  Zealot  
  49  6:38  Zealot x2  
  55  6:41  Twilight Council  
  55  6:49  Immortal  
  59  6:55  Probe x2  
  59  6:57  Robotics Facility  
  59  6:58  Nexus  
  61  7:02  Pylon  
  61  7:04  Pylon  
  61  7:07  Probe x2  
  63  7:11  Zealot x3  
  69  7:32  Immortal  
  69  7:35  Charge  
  73  7:37  Zealot x3  
  79  7:51  Immortal  
  83  7:55  Protoss Ground Armor Level 2  
  83  8:02  Photon Cannon  
  83  8:11  Immortal  
  87  8:26  Probe  
  88  8:29  Probe x2  
  90  8:35  Photon Cannon  
  90  8:38  Assimilator  
  90  8:39  Probe  
  90  8:40  Photon Cannon  
  91  8:41  Probe  
  91  8:45  Phoenix  
  94  8:48  Probe  
  94  8:51  Probe  
  96  9:05  Zealot x3  
  102  9:12  Immortal x2  
  102  9:44  Blink  
  102  9:46  Immortal x2  
  102  9:48  Assimilator  
  102  9:49  Photon Cannon  
  102  9:50  Photon Cannon  
  110  9:54  Shield Battery  
  110  9:55  Pylon  
  110  9:57  Photon Cannon  
  110  10:02  Zealot x3  
  116  10:09  Protoss Ground Armor Level 3  
  116  10:33  Pylon  
  116  10:34  Probe x2  
  116  10:35  Probe  
  119  10:38  Pylon  
  119  10:39  Pylon  
  113  11:02  Zealot x2  
  113  11:03  Zealot  
  107  11:28  Pylon  
  107  11:31  Gateway  
  99  11:33  Pylon  
  95  11:40  Immortal x2  
  99  11:48  Stalker x3  
  105  12:03  Photon Cannon  
  105  12:06  Photon Cannon  
  105  12:08  Gateway  
  105  12:10  Gateway  
  105  12:13  Gateway  
  105  12:16  Gateway  
  105  12:18  Gateway  
  105  12:20  Pylon  
  105  12:24  Pylon, Probe x2  
  107  12:32  Phoenix  
  109  12:43  Zealot x3  
  95  12:44  Zealot  
  95  12:46  Protoss Ground Weapons Level 1  
  91  12:53  Immortal x2  
  91  12:57  Phoenix  
  97  13:01  Photon Cannon  
  97  13:06  Photon Cannon, Zealot  
  97  13:07  Zealot x4  
  97  13:12  Zealot  
  109  13:13  Zealot  
  109  13:14  Zealot  
  109  13:15  Zealot  
  91  13:32  Zealot x5  
  91  13:33  Zealot  
  91  13:42  Immortal  
  91  13:47  Zealot  
  91  13:56  Zealot x2  
  91  13:58  Zealot  
  95  14:07  Stalker x3  
  97  14:16  Photon Cannon  
  91  14:17  Photon Cannon  
  91  14:18  Zealot  
  91  14:19  Photon Cannon  
  81  14:31  Zealot  
  81  14:32  Zealot  
  81  14:33  Zealot x2  
  81  14:34  Zealot  
  83  14:45  Zealot  
  85  14:53  Photon Cannon  
  85  14:54  Probe  
  86  15:06  Assimilator  
  72  15:15  Gateway  
  72  15:19  Pylon  
  70  15:23  Zealot x3  
  60  15:30  Gateway  
  53  15:44  Zealot  
Tags
 
League
GoldGold
Matchup
PvP
Replay Pack
20190221
Spawn Locations
Cross Positions
Add a new tag
Caveats
  • Supply blocks, unpowered buildings, or Contaminate may cause inaccurate times.
  • Supply counts are checked every 10 seconds.